[ AOE2 MATCH · #465442103 ]
UnrankedLithuanians vs Vikings
[ REPLAY ANALYSIS · EXTRACTED FROM THE RECORDED GAME ]
Feudal
—
Castle
—
Imperial
—
| APM avg | 42.1 |
| APM peak | 78 |
| eAPM avg | 9.4 |
| Villagers / military | 0 / 0 |
Focus
⚔️ 92.9% · 🌾 7.1%
Feudal
—
Castle
—
Imperial
—
| APM avg | 42.1 |
| APM peak | 68 |
| eAPM avg | 16.0 |
| Villagers / military | 0 / 477 |
Focus
⚔️ 95.5% · 🌾 4.5%
Cavalry Archer ×457 · Knight ×15 · Archer ×5
Feudal
—
Castle
—
Imperial
—
| APM avg | 37.2 |
| APM peak | 104 |
| eAPM avg | 19.4 |
| Villagers / military | 0 / 382 |
Focus
⚔️ 96.8% · 🌾 3.2%
Archer ×287 · Unknown (2550) ×259 · Petard ×95
Feudal
—
Castle
—
Imperial
—
| APM avg | 23.5 |
| APM peak | 50 |
| eAPM avg | 7.8 |
| Villagers / military | 0 / 22 |
Focus
⚔️ 93.8% · 🌾 6.2%
Archer ×22
Feudal
—
Castle
—
Imperial
—
| APM avg | 24.0 |
| APM peak | 48 |
| eAPM avg | 5.8 |
| Villagers / military | 0 / 0 |
Feudal
—
Castle
—
Imperial
—
| APM avg | 24.8 |
| APM peak | 59 |
| eAPM avg | 5.7 |
| Villagers / military | 0 / 0 |
Focus
⚔️ 100.0% · 🌾 0.0%
Feudal
—
Castle
—
Imperial
—
| APM avg | 3.1 |
| APM peak | 9 |
| eAPM avg | 2.6 |
| Villagers / military | 0 / 0 |
Focus
⚔️ 100.0% · 🌾 0.0%
Feudal
—
Castle
—
Imperial
—
| APM avg | 29.9 |
| APM peak | 64 |
| eAPM avg | 12.7 |
| Villagers / military | 0 / 0 |
Focus
⚔️ 100.0% · 🌾 0.0%
Match map
Resources at game start + every placement click. Thick line = wall · dashed box = detected house wall. 🟡 gold · ⚪ stone · 🟢 berries · 🔶 boar · ⭕ relic
Inputs per minute
— Templario452 - - TSM=
Build order — Templario452
24 actions detected in the replay
| 13:44 | Research | Guard Tower (upgrade) |
| 13:45 | Research | Guard Tower (upgrade) |
| 13:45 | Research | Ballistics |
| 13:45 | Research | Treadmill Crane |
| 13:46 | Research | Treadmill Crane |
| 13:46 | Research | Tech 908 |
| 13:47 | Research | Tech 908 |
| 13:47 | Research | Careening |
| 13:47 | Research | Careening |
| 13:50 | Research | Chain Barding Armor |
| 13:51 | Research | Chain Mail Armor |
| 13:51 | Research | Iron Casting |
| 13:52 | Research | Bodkin Arrow |
| 13:52 | Research | Leather Archer Armor |
| 16:57 | Build | Stable |
| 16:59 | Build | Stable |
| 17:00 | Build | Stable |
| 17:02 | Build | Stable |
| 17:06 | Build | Stable |
| 17:09 | Build | Stable |
| 17:10 | Build | Stable |
| 17:13 | Build | Stable |
| 18:26 | Research | Husbandry |
| 18:27 | Research | Bloodlines |
Build order — TSM=
First 150 of 153 actions detected
| 5:15 | Research | Chain Mail Armor |
| 5:16 | Research | Iron Casting |
| 5:16 | Research | Iron Casting |
| 5:17 | Research | Chain Barding Armor |
| 7:49 | Build | Archery Range |
| 7:55 | Build | Archery Range |
| 7:57 | Build | Archery Range |
| 8:00 | Research | Treadmill Crane |
| 8:02 | Research | Ballistics |
| 8:32 | Build | Archery Range |
| 8:35 | Build | Archery Range |
| 8:39 | Build | Archery Range |
| 8:41 | Build | Archery Range |
| 8:42 | Build | Archery Range |
| 8:44 | Build | Archery Range |
| 8:55 | Build | Archery Range |
| 8:57 | Build | Archery Range |
| 8:59 | Build | Archery Range |
| 9:01 | Build | Archery Range |
| 9:04 | Build | Archery Range |
| 9:05 | Build | Archery Range |
| 9:09 | Build | Archery Range |
| 9:10 | Build | Archery Range |
| 9:16 | Build | Stable |
| 9:25 | Research | Crossbowman (upgrade) |
| 9:27 | Create | Cavalry Archer ×5 |
| 9:27 | Create | Cavalry Archer ×5 |
| 9:27 | Create | Cavalry Archer ×5 |
| 9:28 | Create | Cavalry Archer ×5 |
| 9:28 | Create | Cavalry Archer ×5 |
| 9:29 | Create | Cavalry Archer ×4 |
| 9:29 | Create | Cavalry Archer ×4 |
| 9:36 | Create | Cavalry Archer ×5 |
| 9:36 | Create | Cavalry Archer ×5 |
| 10:18 | Create | Cavalry Archer ×5 |
| 10:19 | Create | Cavalry Archer ×5 |
| 10:19 | Create | Cavalry Archer ×5 |
| 10:20 | Create | Cavalry Archer ×5 |
| 10:20 | Create | Cavalry Archer ×5 |
| 10:21 | Create | Cavalry Archer ×5 |
| 10:21 | Create | Cavalry Archer ×5 |
| 10:22 | Create | Cavalry Archer ×3 |
| 10:59 | Create | Cavalry Archer ×5 |
| 11:00 | Create | Cavalry Archer ×5 |
| 11:00 | Create | Cavalry Archer ×5 |
| 11:00 | Create | Cavalry Archer ×5 |
| 11:01 | Create | Cavalry Archer ×5 |
| 11:01 | Create | Cavalry Archer ×5 |
| 11:02 | Create | Cavalry Archer ×5 |
| 11:50 | Create | Cavalry Archer ×5 |
| 11:51 | Create | Cavalry Archer ×5 |
| 11:51 | Create | Cavalry Archer ×5 |
| 11:52 | Create | Cavalry Archer ×5 |
| 11:52 | Create | Cavalry Archer ×5 |
| 11:53 | Create | Cavalry Archer ×5 |
| 11:53 | Create | Cavalry Archer ×5 |
| 11:54 | Create | Cavalry Archer ×3 |
| 11:56 | Create | Cavalry Archer |
| 12:36 | Create | Cavalry Archer ×5 |
| 12:37 | Create | Cavalry Archer ×5 |
| 12:37 | Create | Cavalry Archer ×5 |
| 12:37 | Create | Cavalry Archer ×5 |
| 12:38 | Create | Cavalry Archer ×5 |
| 12:38 | Create | Cavalry Archer ×5 |
| 12:39 | Create | Cavalry Archer ×5 |
| 12:40 | Create | Cavalry Archer ×5 |
| 12:42 | Create | Cavalry Archer |
| 12:55 | Research | Guard Tower (upgrade) |
| 12:56 | Research | Guard Tower (upgrade) |
| 12:57 | Research | Bodkin Arrow |
| 12:58 | Research | Leather Archer Armor |
| 13:02 | Research | Careening |
| 13:03 | Research | Tech 908 |
| 13:03 | Research | Tech 908 |
| 13:04 | Research | Tech 909 |
| 13:34 | Create | Cavalry Archer ×5 |
| 13:34 | Create | Cavalry Archer ×5 |
| 13:35 | Create | Cavalry Archer ×5 |
| 13:35 | Create | Cavalry Archer ×5 |
| 13:36 | Create | Cavalry Archer ×4 |
| 13:44 | Create | Knight ×5 |
| 13:45 | Create | Knight ×5 |
| 13:45 | Create | Knight ×5 |
| 14:12 | Create | Cavalry Archer ×5 |
| 14:13 | Create | Cavalry Archer ×5 |
| 14:13 | Create | Cavalry Archer ×5 |
| 14:13 | Create | Cavalry Archer ×5 |
| 14:14 | Create | Cavalry Archer ×5 |
| 14:14 | Create | Cavalry Archer ×5 |
| 14:15 | Create | Cavalry Archer ×3 |
| 14:19 | Create | Cavalry Archer ×2 |
| 14:43 | Create | Cavalry Archer ×5 |
| 14:43 | Create | Cavalry Archer ×5 |
| 14:44 | Create | Cavalry Archer ×5 |
| 14:44 | Create | Cavalry Archer ×5 |
| 14:45 | Create | Cavalry Archer ×3 |
| 14:47 | Create | Cavalry Archer ×5 |
| 14:47 | Create | Cavalry Archer ×5 |
| 14:48 | Create | Cavalry Archer ×5 |
| 14:49 | Create | Cavalry Archer |
| 14:50 | Create | Cavalry Archer |
| 14:50 | Create | Cavalry Archer |
| 15:30 | Create | Cavalry Archer |
| 15:32 | Create | Cavalry Archer ×5 |
| 15:32 | Create | Cavalry Archer ×5 |
| 15:32 | Create | Cavalry Archer ×5 |
| 15:40 | Build | Archery Range |
| 15:43 | Build | Archery Range |
| 17:16 | Create | Cavalry Archer ×5 |
| 17:17 | Create | Cavalry Archer ×5 |
| 17:19 | Build | Archery Range |
| 17:20 | Build | Archery Range |
| 17:24 | Build | Archery Range |
| 17:26 | Build | Archery Range |
| 17:28 | Build | Archery Range |
| 17:29 | Build | Archery Range |
| 19:03 | Create | Cavalry Archer ×5 |
| 19:03 | Create | Cavalry Archer ×5 |
| 19:04 | Create | Cavalry Archer ×5 |
| 19:04 | Create | Cavalry Archer ×5 |
| 19:05 | Create | Cavalry Archer ×5 |
| 19:05 | Create | Cavalry Archer ×5 |
| 19:06 | Create | Cavalry Archer ×5 |
| 19:06 | Create | Cavalry Archer ×5 |
| 19:07 | Create | Cavalry Archer ×5 |
| 19:07 | Create | Cavalry Archer ×5 |
| 19:08 | Create | Cavalry Archer ×5 |
| 19:09 | Create | Cavalry Archer ×5 |
| 19:18 | Build | Archery Range |
| 19:21 | Build | Archery Range |
| 19:24 | Build | Archery Range |
| 19:29 | Create | Cavalry Archer ×5 |
| 19:30 | Create | Cavalry Archer ×5 |
| 19:30 | Create | Cavalry Archer ×5 |
| 19:31 | Create | Cavalry Archer ×5 |
| 19:31 | Create | Cavalry Archer ×5 |
| 21:09 | Create | Cavalry Archer ×5 |
| 21:10 | Create | Cavalry Archer ×5 |
| 21:10 | Create | Cavalry Archer ×5 |
| 21:11 | Create | Cavalry Archer ×5 |
| 21:12 | Create | Cavalry Archer ×5 |
| 21:12 | Create | Cavalry Archer ×5 |
| 21:12 | Create | Cavalry Archer ×5 |
| 21:13 | Create | Cavalry Archer ×5 |
| 21:13 | Create | Cavalry Archer ×5 |
| 21:14 | Create | Cavalry Archer ×5 |
| 21:22 | Build | Stable |
| 21:23 | Build | Stable |
| 21:31 | Build | Stable |
| 21:33 | Build | Stable |
Build order — leemastergt
First 150 of 188 actions detected
| 7:12 | Research | Bodkin Arrow |
| 7:12 | Research | Leather Archer Armor |
| 7:13 | Research | Iron Casting |
| 7:13 | Research | Chain Mail Armor |
| 7:16 | Research | Ballistics |
| 7:17 | Research | Treadmill Crane |
| 7:28 | Build | Archery Range |
| 7:30 | Build | Archery Range |
| 7:31 | Build | Archery Range |
| 8:54 | Research | Crossbowman (upgrade) |
| 8:55 | Research | Thumb Ring |
| 9:14 | Build | Archery Range |
| 9:17 | Build | Archery Range |
| 9:18 | Build | Archery Range |
| 9:20 | Build | Archery Range |
| 9:21 | Build | Archery Range |
| 9:23 | Build | Archery Range |
| 9:24 | Build | Archery Range |
| 9:25 | Build | Archery Range |
| 9:27 | Build | Archery Range |
| 9:53 | Create | Petard ×5 |
| 9:53 | Create | Petard ×5 |
| 9:54 | Create | Petard ×5 |
| 9:54 | Create | Petard ×5 |
| 9:54 | Create | Petard ×5 |
| 9:54 | Create | Petard ×5 |
| 9:55 | Create | Petard ×5 |
| 10:52 | Create | Petard ×5 |
| 10:52 | Create | Petard ×5 |
| 11:20 | Create | Petard ×5 |
| 11:22 | Create | Petard ×5 |
| 11:28 | Research | Tech 1365 |
| 12:27 | Create | Petard ×5 |
| 12:27 | Create | Petard ×5 |
| 12:28 | Create | Petard ×5 |
| 12:29 | Create | Petard ×5 |
| 12:29 | Create | Petard ×5 |
| 12:29 | Create | Petard ×5 |
| 12:29 | Create | Petard ×5 |
| 12:30 | Create | Petard ×5 |
| 13:15 | Build | Barracks |
| 13:17 | Build | Barracks |
| 13:18 | Build | Barracks |
| 13:20 | Build | Barracks |
| 13:33 | Research | Arbalester (upgrade) |
| 13:34 | Research | Tech 1364 |
| 13:35 | Research | Tech 1366 |
| 13:36 | Research | Conscription |
| 13:36 | Research | Spies/Treason |
| 13:39 | Research | Plate Mail Armor |
| 13:39 | Research | Bracer |
| 13:42 | Research | Chemistry |
| 13:43 | Research | Careening |
| 13:44 | Research | Siege Engineers |
| 13:44 | Research | Tech 908 |
| 13:45 | Research | Guard Tower (upgrade) |
| 13:50 | Create | Archer ×5 |
| 13:51 | Create | Archer ×5 |
| 13:51 | Create | Archer ×5 |
| 13:51 | Create | Archer ×5 |
| 13:52 | Create | Archer ×5 |
| 13:52 | Create | Archer ×5 |
| 13:52 | Create | Archer ×5 |
| 13:52 | Create | Archer ×5 |
| 13:53 | Create | Archer ×5 |
| 13:53 | Create | Archer ×5 |
| 13:53 | Create | Archer ×5 |
| 13:53 | Create | Archer ×5 |
| 13:54 | Create | Archer ×5 |
| 13:54 | Create | Archer ×5 |
| 13:54 | Create | Archer ×5 |
| 13:54 | Create | Archer ×5 |
| 13:55 | Create | Archer ×5 |
| 13:55 | Create | Archer ×5 |
| 13:55 | Create | Archer ×5 |
| 13:56 | Create | Archer ×5 |
| 13:56 | Create | Archer ×5 |
| 13:56 | Create | Archer ×5 |
| 13:56 | Create | Archer ×5 |
| 13:57 | Create | Archer ×5 |
| 14:29 | Create | Archer ×5 |
| 14:29 | Create | Archer ×5 |
| 14:29 | Create | Archer ×5 |
| 14:29 | Create | Archer ×5 |
| 14:30 | Create | Archer ×5 |
| 14:30 | Create | Archer ×5 |
| 14:30 | Create | Archer ×5 |
| 14:30 | Create | Archer ×5 |
| 14:31 | Create | Archer ×5 |
| 14:31 | Create | Archer ×5 |
| 14:31 | Create | Archer ×5 |
| 14:32 | Create | Archer ×5 |
| 14:32 | Create | Archer ×5 |
| 14:32 | Create | Archer ×5 |
| 14:32 | Create | Archer |
| 14:33 | Create | Archer |
| 15:15 | Research | Tech 1402 |
| 15:16 | Research | Squires |
| 15:17 | Research | Tech 1401 |
| 15:22 | Build | Barracks |
| 15:23 | Build | Barracks |
| 15:25 | Build | Barracks |
| 15:26 | Build | Barracks |
| 15:29 | Build | Barracks |
| 15:32 | Build | Barracks |
| 15:34 | Build | Barracks |
| 15:35 | Build | Barracks |
| 15:37 | Build | Barracks |
| 15:38 | Build | Barracks |
| 15:40 | Build | Barracks |
| 15:41 | Build | Barracks |
| 15:42 | Build | Barracks |
| 15:43 | Build | Barracks |
| 16:10 | Research | Tech 1351 |
| 16:35 | Create | Unit 2550 ×5 |
| 16:35 | Create | Unit 2550 ×5 |
| 16:36 | Create | Unit 2550 ×5 |
| 16:36 | Create | Unit 2550 ×5 |
| 16:36 | Create | Unit 2550 ×5 |
| 16:36 | Create | Unit 2550 ×5 |
| 16:37 | Create | Unit 2550 ×5 |
| 16:37 | Create | Unit 2550 ×5 |
| 16:37 | Create | Unit 2550 ×5 |
| 16:37 | Create | Unit 2550 ×5 |
| 16:38 | Create | Unit 2550 ×5 |
| 16:38 | Create | Unit 2550 ×5 |
| 16:38 | Create | Unit 2550 ×5 |
| 16:39 | Create | Unit 2550 ×5 |
| 16:39 | Create | Unit 2550 ×5 |
| 16:39 | Create | Unit 2550 ×5 |
| 16:39 | Create | Unit 2550 ×4 |
| 17:23 | Research | Tech 1352 |
| 17:31 | Create | Unit 2550 ×5 |
| 17:31 | Create | Unit 2550 ×5 |
| 17:32 | Create | Unit 2550 ×5 |
| 17:32 | Create | Unit 2550 ×5 |
| 17:32 | Create | Unit 2550 ×5 |
| 17:32 | Create | Unit 2550 ×5 |
| 17:33 | Create | Unit 2550 ×5 |
| 17:33 | Create | Unit 2550 ×5 |
| 17:33 | Create | Unit 2550 ×5 |
| 17:33 | Create | Unit 2550 ×5 |
| 17:35 | Create | Archer ×5 |
| 17:35 | Create | Archer ×5 |
| 17:36 | Create | Archer ×5 |
| 17:36 | Create | Archer ×5 |
| 17:36 | Create | Archer ×5 |
| 17:36 | Create | Archer ×5 |
| 17:37 | Create | Archer ×5 |
| 17:37 | Create | Archer ×5 |
Build order — camilomdavid89
30 actions detected in the replay
| 16:54 | Build | Archery Range |
| 17:00 | Build | Archery Range |
| 17:09 | Build | Archery Range |
| 18:25 | Create | Archer |
| 18:25 | Create | Archer |
| 18:25 | Create | Archer |
| 18:26 | Create | Archer |
| 18:26 | Create | Archer |
| 18:26 | Create | Archer |
| 18:26 | Create | Archer |
| 18:27 | Create | Archer |
| 18:27 | Create | Archer |
| 18:27 | Create | Archer |
| 18:27 | Create | Archer |
| 18:28 | Create | Archer |
| 18:28 | Create | Archer |
| 18:28 | Create | Archer |
| 18:29 | Create | Archer |
| 18:29 | Create | Archer |
| 18:29 | Create | Archer |
| 18:29 | Create | Archer |
| 19:28 | Build | Archery Range |
| 19:35 | Build | Archery Range |
| 19:41 | Build | Archery Range |
| 19:47 | Build | Archery Range |
| 19:53 | Build | Archery Range |
| 20:28 | Create | Archer |
| 20:28 | Create | Archer |
| 20:28 | Create | Archer |
| 20:28 | Create | Archer |
Build order — uzbekKazeta
0 actions detected in the replay
Build order — 臭CiV
0 actions detected in the replay
Build order — cowboymark12
8 actions detected in the replay
| 13:54 | Research | Guard Tower (upgrade) |
| 13:55 | Research | Tech 909 |
| 13:55 | Research | Ballistics |
| 14:00 | Research | Iron Casting |
| 14:01 | Research | Chain Mail Armor |
| 14:02 | Research | Chain Barding Armor |
| 14:03 | Research | Leather Archer Armor |
| 14:04 | Research | Bodkin Arrow |
Build order — Tiramisushi
0 actions detected in the replay
Match timeline
| 7:28 | leemastergt · first_building Archery Range |
| 7:49 | TSM= · first_building Archery Range |
| 9:16 | TSM= · first_building Stable |
| 13:15 | leemastergt · first_building Barracks |
| 13:15 | 臭CiV · resign |
| 16:54 | camilomdavid89 · first_building Archery Range |
| 16:57 | Templario452 · first_building Stable |
[ AI ANALYSIS · 1 CREDIT ]
What really happened in this match?
Wolo.gg analyzes every decision: build order, eco, micro, common mistakes by bracket. Personalized analysis on WhatsApp or Discord in 30 seconds.
Civ guide
Lithuanians
Map guide
CBA_=REQUIEM=_V292 (Scenario)
Perfil
Templario452